 Dungeon Crawl Stone Soup version 0.28.0-53-g5a82cb258f (webtiles) character file.

Game seed: 3238305452268204827

16 PentaManta the Changer (level 2, 0/18 HPs)
             Began as an Octopode Transmuter on June 15, 2022.
             Slain by an adder (1 damage)
             ... on level 2 of the Dungeon.
             The game lasted 00:02:36 (1282 turns).

PentaManta the Changer (Octopode Transmuter)        Turns: 1282, Time: 00:02:37

Health: 0/18       AC:  1    Str:  9    XL:     2   Next: 54%
Magic:  4/5        EV: 13    Int: 15    God:
Gold:   114        SH:  0    Dex: 12    Spells: 2/5 levels left

rFire   . . .      SeeInvis .     - Unarmed
rCold   . . .      Faith    .   (no shield)
rNeg    . . .      Spirit   .   (helmet currently unavailable)
rPois   .          Reflect  .   (no amulet)
rElec   .          Harm     .   (no ring)
rCorr   .          Rampage  .   (no ring)
Will    .....                   (no ring)
Stlth   ++........              (no ring)
HPRegen 0.06/turn               (no ring)
MPRegen 0.09/turn               (no ring)
                                (no ring)
                                (no ring)

@: lethally poisoned (0 -> -6), appendages
A: tentacle spike 3, almost no armour, amphibious, 8 rings, camouflage 1,
gelatinous body 1, (nimble swimmer 1), tentacles
a: End Transformation


You were on level 2 of the Dungeon.
One of your tentacles had grown a beastly spike.
You visited 1 branch of the dungeon, and saw 2 of its levels.

You collected 114 gold pieces.

Inventory:

Hand Weapons
 c - a +1 dagger of venom
Scrolls
 b - 2 scrolls of enchant weapon {unknown}
Potions
 a - 2 potions of curing {unknown}
 d - a potion of degeneration {unknown}
 e - a potion of resistance {unknown}
 f - a potion of lignification {unknown}


   Skills:
 - Level 1.0 Fighting
 - Level 2.0 Dodging
 - Level 3.0 Unarmed Combat
 + Level 2.0 Spellcasting
 + Level 3.1 Transmutations


You had 2 spell levels left.
You knew the following spells:

 Your Spells              Type           Power      Damage    Failure   Level
a - Beastly Appendage     Tmut           20%        N/A       6%          1
b - Wereblood             Tmut           10%        N/A       10%         2

Your spell library contained the following spells:

 Spells                   Type           Power      Damage    Failure   Level
 Spider Form              Tmut/Pois      6%         N/A       34%         3
 Ice Form                 Ice/Tmut       6%         N/A       75%         4


Dungeon Overview and Level Annotations

Branches:
Dungeon (2/15)

Altars:


Innate Abilities, Weirdness & Mutations

One of your tentacles has grown a beastly spike.
You cannot wear most types of armour.
You are amphibious.
You can wear up to eight rings at the same time.
Your skin changes colour to match your surroundings (Stealth+).
Your rubbery body absorbs attacks. (AC +1, EV +1)
((You are camouflaged when in or above water. (Stealth+)))
You have tentacles for arms and can constrict up to eight enemies at once.


Message History

A rat comes into view.
Found 21 sling bullets.
One of your tentacles grows a vicious spike.
The rat barely misses you.
You tentacle-slap the rat.
You kill the rat!
No target in view!
Okay, then.
An adder comes into view.
Found a scroll labelled RUUTO QE ECLAI.
An adder is nearby!
A kobold comes into view. It is wielding a +0 club.
Found a leather armour.
Your transformation is almost over.
You extend your transformation's duration.
Found a scroll labelled MIGOET UFIC.
Found a stone staircase leading down.
The adder hisses angrily.
The adder bites you.
You are poisoned.
The adder poisons you!
You closely miss the adder. Your grab misses the adder.
You feel sick. The adder bites you.
You are lethally poisoned!
The adder poisons you!
You are too injured to fight recklessly!
You tentacle-slap the adder. Your grab misses the adder.
You pierce the adder, but do no damage.
The adder is lightly wounded.
* * * LOW HITPOINT WARNING * * *
You feel sick. The adder completely misses you.
You closely miss the adder. Your grab misses the adder.
Your tentacle spike misses the adder.
You squeeze the adder.
The adder is heavily wounded.
* * * LOW HITPOINT WARNING * * *
You feel sick. The adder barely misses you.
You closely miss the adder. Your grab misses the adder.
You pierce the adder.
The adder is severely wounded.
* * * LOW HITPOINT WARNING * * *
You feel sick. The adder bites you.
You die...

#.# #.####..(
########........
........#######.
#######.#####
##.......#
#..:.....#
#..#.##?.#
#..#@.#..#
#..##S# .# ..
..? # #K# ...>#
#[ .##.# .. ...
.. #.. #. ##


You could see an adder.

Vanquished Creatures
  A ball python (D:1)
  A bat (D:1)
  An endoplasm (D:2)
  4 giant cockroaches
  2 goblins (D:1)
  A hobgoblin (D:1)
  2 frilled lizards (D:1)
  2 rats
14 creatures vanquished.

Notes
Turn   | Place    | Note
-------+----------+-------------------------------------------
     0 | D:1      | PentaManta the Octopode Transmuter began the quest for the
                  | Orb.
     0 | D:1      | Reached XP level 1. HP: 13/13 MP: 3/3
   126 | D:1      | Reached XP level 2. HP: 18/18 MP: 3/5
   779 | D:1      | Learned a level 2 spell: Wereblood
   879 | D:1      | Found a faded altar of an unknown god.
  1282 | D:2      | Slain by an adder

Illustrated notes

Levels and vault maps discovered:
D:1:      dpeg_arrival_simpleton_b, layout_basic,
          shapermc_ecumenical_altar_pompeii
D:2:      layout_loops_cross, basic_altar, minmay_pentomino_o2

Skill      XL: |  1  2 |
---------------+-------+-----
Transmutations | 3 |  3.1
Fighting       | |  1.0
Dodging        | |  2.0
Unarmed Combat | |  3.0
Spellcasting   | |  2.0

Action                   || total
-------------------------++-------
Melee: Unarmed           ||    31
       Constrict         ||     9
       Tentacles         ||     8
       Kick              ||    10
 Cast: Beastly Appendage ||    13
 Stab: Sleeping          ||     2
Dodge: Dodged            ||    15
